Sam, lawful female human Samurai |.% |<. -.- ## a @ # . .| {| ..| .. ..| ---- Sam the Kunoichi Experience level: 6 Strength: 15 Dexterity: 18 Constitution: 18 Intelligence: 8 Wisdom: 10 Charisma: 7 Health: 0(65) Energy: 19(19) Def: 0 Gold: 1087 Moves: 2702 Dungeon seed: JQ5mliRcbAQ_YKNo Game ID: Sam_1523436771 Your Inventory: Coins $ - 1087 gold pieces Weapons b - a +0 wakizashi (weapon in hand) c - a +0 yumi d - 30 +0 ya (in quiver) r - a +0 ninja-to Comestibles l - 4 uncursed gunyoki o - 2 uncursed tripe rations Scrolls p - an uncursed scroll of gold detection u - a cursed scroll of identify A - an uncursed scroll of light Potions w - 3 uncursed potions of object detection x - a blessed potion of healing z - a potion of unholy water Rings h - an uncursed ring of see invisible (on left hand) Wands s - a wand of lightning (0:8) t - a wand of secret door detection (0:11) Tools g - an uncursed tallow candle (0:200) Spells and supernatural/magical abilities: Name Level Category Fail Memory W - pray for help -- divine ? -- Your skills at the end: Fighting Skills martial arts [Basic] Weapon Skills short sword [Basic] long sword [Basic] bow [Basic] Spellcasting Skills Final Attributes: You were piously aligned. You saw invisible. You were fast. You are dead. Vanquished creatures: a small mimic 3 human zombies a rope golem an imp a wood nymph a mountain nymph a rock piercer a guardian naga hatchling an elf zombie a straw golem 2 giant ants a homunculus a kobold lord a rothe a rabid rat a giant bat an iguana a gas spore a hobbit 3 manes 2 large kobolds 5 cave spiders 3 brown molds a yellow mold a red mold 2 gnomes 3 garter snakes 2 geckos 6 jackals a kobold 2 goblins a sewer rat 8 grid bugs 2 bats 3 lichens a kobold zombie a newt 69 creatures vanquished. Voluntary challenges: You followed a strict vegan diet. You had been an atheist until turn 2286. You used a wielded weapon 119 times, starting on turn 21. You were illiterate. You never genocided any monsters. You never polymorphed an object. You changed form 1 time, starting on turn 2518. You used no wishes. You never split a pudding. You never wrote Elbereth's name. You never violated your personal moral code. Dungeon overview: The Dungeons of Doom: levels 1 to 11 Level 1 a fountain a long staircase Level 2 a fountain Level 3 a fountain a long staircase Level 4 a potion shop Level 5 many fountains Level 6 Level 7 a fountain Level 8 Level 9 Level 10 Level 11 <- You were here a fountain History has recorded: On T:1 you entered the Dungeons of Doom to retrieve the Amulet of Yendor! On T:143 you advanced to experience level 2. On T:164 you reached level 2 of The Dungeons of Doom. On T:451 you reached level 3 of The Dungeons of Doom. On T:454 you advanced to experience level 3. On T:749 you reached level 4 of The Dungeons of Doom. On T:961 you advanced to experience level 4. On T:989 you reached level 5 of The Dungeons of Doom. On T:1468 you advanced to experience level 5. On T:1611 you reached level 6 of The Dungeons of Doom. On T:1791 you reached level 7 of The Dungeons of Doom. On T:2096 you reached level 8 of The Dungeons of Doom. On T:2114 you advanced to experience level 6. On T:2405 you reached level 9 of The Dungeons of Doom. On T:2613 you reached level 10 of The Dungeons of Doom. On T:2694 you reached level 11 of The Dungeons of Doom. Score breakdown: Gold: 1087 (10329 points) Experience: 6 levels (12456 points) Exploration: 11 levels ( 23.40%) (13987 points) Discoveries: 3 items ( 1.22%) ( 3312 points) Valuables value: (no points given unless you survive) Artifact value: 0 ( 0 points) Variety of kills: 37 monsters ( 9.71%) ( 9348 points) Turncount: 2702 turns ( -445 points) Survival: died (score multiplied by 80%) Total score: 39189 Latest messages: The soldier ant stings! The soldier ant just misses! The soldier ant stings! The soldier ant bites! The soldier ant stings! The soldier ant's sting was poisoned! You feel weaker! You return to human form! The soldier ant bites! The soldier ant stings! You are now wielding your wakizashi. The soldier ant bites! The soldier ant stings! You miss the soldier ant. The soldier ant bites! The soldier ant stings! The soldier ant bites! The soldier ant stings! The soldier ant bites! The soldier ant stings! You die... Final status: Sayonara Sam the Samurai, killed by a soldier ant... You died in The Dungeons of Doom on dungeon level 11 with 39189 points, and 1087 pieces of gold, after 2702 moves. You were level 6 with a maximum of 65 hit points when you died.